 Dungeon Sprint DCSS version 0.23-a0-183-gf37f6fb (webtiles) character file.

5749 namelastname112 the Blocker (level 11, -1/97 HPs)
             Began as a Formicid Fighter on Sept 23, 2018.
             Was a Follower of Uskayaw.
             Slain by a catoblepas (11 damage)
             ... in the Dungeon (Sprint IX: "|||||||||||||||||||||||||||||").
             The game lasted 00:02:57 (1316 turns).

namelastname112 the Blocker (Formicid Fighter)      Turns: 1316, Time: 00:02:57

Health: -1/97      AC: 13    Str: 25    XL:     11   Next: 5%
Magic:  19/19      EV:  2    Int:  7    God:    Uskayaw [*.....]
Gold:   17         SH:  0    Dex: 10    Spells: 10/10 levels left

rFire    . . .     SeeInvis +   p - +1 broad axe (chop)
rCold    . . .     Gourm    .   c - +0 shield
rNeg     + + +     Faith    .   b - +0 scale mail
rPois    ∞         Spirit   .   (helmet unavailable)
rElec    .         Reflect  .   (no cloak)
rCorr    .         Harm     .   (no gloves)
MR       +....                  (no boots)
Stlth    ..........             (no amulet)
HPRegen  0.26/turn              q - +2 ring of protection
MPRegen  0.16/turn              a - +2 ring of protection

@: petrified, very slightly contaminated, invisible
A: permanent stasis, dig shafts and tunnels, four strong arms, antennae 3
a: Dig, Stomp, Renounce Religion


You were in the Dungeon.
You worshipped Uskayaw.
Uskayaw was aware of your devotion.
You were not hungry.

You visited 1 branch You collected 17 gold pieces.

Inventory:

Hand Weapons
 p - a +1 broad axe of chopping (weapon)
Armour
 b - a +0 scale mail (worn)
 c - a +0 shield (worn)
Jewellery
 a - a +2 ring of protection (right hand)
 q - a +2 ring of protection (left hand)
Wands
 o - a wand of acid (10)
Scrolls
 k - 4 scrolls of blinking
 m - 4 scrolls of remove curse
 n - 2 scrolls of amnesia
 r - 2 scrolls of fog
Potions
 d - a potion of agility
 e - 7 potions of curing
 f - a potion of might
 h - a potion of haste
 i - 4 potions of magic
 j - a potion of berserk rage
Comestibles
 g - a ration


   Skills:
 + Level 12.9 Fighting
 + Level 11.7 Axes
 + Level 12.9 Armour
 + Level 13.9 Shields
 + Level 11.8 Invocations


You had 10 spell levels left.
You didn't know any spells.
Your spell library was empty.

Dungeon Overview and Level Annotations

Branches:
Dungeon (1/1)

Altars:
Cheibriados
Dithmenos
Elyvilon
Fedhas
Gozag
Hepliaklqana
Kikubaaqudgha
Makhleb
Nemelex Xobeh
Okawaru
Qazlal
Ru
Sif Muna
Trog
Uskayaw
Vehumet
Wu Jian
Xom
Yredelemnul
Zin
The Shining One
Beogh
Jiyva
Lugonu


Innate Abilities, Weirdness & Mutations

You cannot be hasted, slowed, berserked, paralysed or teleported.
You can dig through walls and to a lower floor.
Your four strong arms can wield two-handed weapons with a shield.
You have a pair of large antennae on your head. (SInv)


Message History

You fade into invisibility!
You are engulfed in calcifying dust.
The catoblepas breathes a plume of calcifying dust at you.
The blast of calcifying dust hits you!
* * * LOW HITPOINT WARNING * * *
You are very lightly contaminated with residual magic.
You have turned to stone.
You are engulfed in calcifying dust.
The catoblepas gores you but does no damage.
A death yak comes into view.
The death yak bellows!
The catoblepas gores you!
* * * LOW HITPOINT WARNING * * *
The catoblepas breathes a plume of calcifying dust at you.
The blast of calcifying dust hits the catoblepas.
The blast of calcifying dust hits you!
You are engulfed in calcifying dust.
The catoblepas bellows!
The catoblepas gores you!!
You die...

▓▓▓▓▓▓▓▓▓▓▓▓▓▓▓▓▓▓▓▓▓▓▓▓▓▓▓▓▓▓▓▓▓
_________________'..|)[[[..÷.)...
▓▓▓▓▓▓▓▓▓▓▓▓▓▓▓▓▓▓▓▓▓▓▓▓▓▓▓▓▓▓▓▓▓
...............................).
▓▓▓▓▓▓▓▓▓▓▓▓▓▓▓▓▓▓▓▓▓▓▓▓▓▓▓▓▓▓▓▓▓
÷......[÷.÷.§§§§@YYYYYYY.{
▓▓▓▓▓▓▓▓▓▓▓▓▓▓▓▓▓▓▓▓▓▓▓▓▓ { {{{


{{{{{{{{{{{{ {{{{{ { { { {{{{ You could see 2 death yaks, 4 catoblepae and a
yak.

Vanquished Creatures
  Erolcha (D)
  A hydra (D)
  A centaur warrior (D)
  2 ugly things (D)
  A spiny frog (D)
  2 rime drakes (D)
  A blink frog (D)
  A yak (D)
  A steam dragon (D)
  4 porcupines (D)
  5 water moccasins (D)
  A phantom (D)
  An ogre (D)
  A crocodile (D)
  A big kobold (D)
  4 bullfrogs (D)
  A killer bee (D)
  2 hounds (D)
  An iguana (D)
  A worker ant (D)
  An adder (D)
  An adder skeleton (D)
  An orc (D)
  A goblin (D)
  A hobgoblin (D)
  A kobold (D)
  A bat (D)
  A rat (D)
41 creatures vanquished.

Notes
Turn   | Place    | Note
-------+----------+-------------------------------------------
     0 | D        | namelastname112 the Formicid Fighter began the quest for
                  | the Orb.
     0 | D        | Reached XP level 1. HP: 18/18 MP: 1/1
     9 | D        | Reached skill level 4 in Shields
    24 | D        | Noticed an ogre
    24 | D        | Noticed an iguana
    24 | D        | Noticed a hound
    24 | D        | Noticed a phantom
    28 | D        | Killed an ogre
    28 | D        | Reached skill level 5 in Fighting
    28 | D        | Reached skill level 5 in Armour
    28 | D        | Reached skill level 6 in Shields
    28 | D        | Reached XP level 2. HP: 28/28 MP: 2/2
    28 | D        | Reached XP level 3. HP: 34/34 MP: 3/3
    28 | D        | Reached XP level 4. HP: 40/40 MP: 4/4
    32 | D        | Reached skill level 5 in Axes
    32 | D        | Reached XP level 5. HP: 42/46 MP: 5/5
    38 | D        | Reached skill level 7 in Shields
    58 | D        | Killed a phantom
    58 | D        | Reached skill level 8 in Shields
    58 | D        | Reached XP level 6. HP: 32/55 MP: 6/6
   182 | D        | Found a roughly hewn altar of Beogh.
   182 | D        | Found a snail-covered altar of Cheibriados.
   182 | D        | Found a shadowy altar of Dithmenos.
   182 | D        | Found a white marble altar of Elyvilon.
   182 | D        | Found a blossoming altar of Fedhas.
   182 | D        | Found an opulent altar of Gozag.
   183 | D        | Found a hazy altar of Hepliaklqana.
   184 | D        | Found a viscous altar of Jiyva.
   185 | D        | Found an ancient bone altar of Kikubaaqudgha.
   186 | D        | Found a corrupted altar of Lugonu.
   187 | D        | Found a burning altar of Makhleb.
   188 | D        | Found a sparkling altar of Nemelex Xobeh.
   189 | D        | Found an iron altar of Okawaru.
   190 | D        | Found a stormy altar of Qazlal.
   191 | D        | Found a sacrificial altar of Ru.
   192 | D        | Found a deep blue altar of Sif Muna.
   193 | D        | Found a bloodstained altar of Trog.
   194 | D        | Found a hide-covered altar of Uskayaw.
   195 | D        | Found a radiant altar of Vehumet.
   196 | D        | Found an ornate altar of the Wu Jian Council.
   197 | D        | Found a shimmering altar of Xom.
   198 | D        | Found a basalt altar of Yredelemnul.
   199 | D        | Found a glowing silver altar of Zin.
   200 | D        | Found a glowing golden altar of the Shining One.
   202 | D        | Became a worshipper of Uskayaw the Reveler
   242 | D        | Noticed a water moccasin
   244 | D        | Reached * piety under Uskayaw
   247 | D        | Reached ** piety under Uskayaw
   255 | D        | Reached *** piety under Uskayaw
   267 | D        | Killed a water moccasin
   267 | D        | Reached skill level 9 in Shields
   267 | D        | Reached XP level 7. HP: 23/63 MP: 3/10
   267 | D        | Reached **** piety under Uskayaw
   271 | D        | Reached ***** piety under Uskayaw
   448 | D        | Noticed a centaur warrior
   448 | D        | Noticed a green ugly thing
   448 | D        | Noticed a brown ugly thing
   455 | D        | HP: 2/63 [centaur warrior (12)]
   468 | D        | Killed a centaur warrior
   468 | D        | Reached skill level 10 in Fighting
   468 | D        | Reached skill level 10 in Armour
   468 | D        | Reached skill level 10 in Shields
   468 | D        | Reached XP level 8. HP: 20/72 MP: 10/13
   473 | D        | Killed a brown ugly thing
   473 | D        | Reached skill level 11 in Shields
   473 | D        | Reached XP level 9. HP: 55/79 MP: 10/15
   482 | D        | Killed a white ugly thing
   583 | D        | Noticed Erolcha
   593 | D        | Killed Erolcha
   593 | D        | Reached skill level 10 in Axes
   593 | D        | Reached skill level 12 in Shields
   593 | D        | Reached XP level 10. HP: 35/88 MP: 15/17
   868 | D        | Noticed a spiny frog
   876 | D        | Reached skill level 10 in Invocations
   879 | D        | Noticed a rime drake
   883 | D        | Killed a spiny frog
   883 | D        | Reached skill level 13 in Shields
   887 | D        | Killed a rime drake
   887 | D        | Reached ****** piety under Uskayaw
  1002 | D        | Noticed a rime drake
  1013 | D        | Noticed a four-headed hydra
  1015 | D        | Killed a rime drake
  1032 | D        | Killed a six-headed hydra
  1032 | D        | Reached XP level 11. HP: 27/97 MP: 15/19
  1298 | D        | Noticed a catoblepas
  1298 | D        | Noticed a catoblepas
  1298 | D        | Noticed a death yak
  1298 | D        | Noticed a catoblepas
  1299 | D        | Noticed a catoblepas
  1314 | D        | Noticed a death yak
  1316 | D        | Slain by a catoblepas

Vault maps used:
D:        linesprint

Skill      XL: |  1  2  3  4  5  6  7  8  9 10 |
---------------+-------------------------------+-----
Shields        | 6 8 9 10 11 12 13 | 13.9
Fighting       | 5 6 7 8 10 11 12 | 12.9
Axes           | 4 5 6 7 8 9 10 11 | 11.7
Armour         | 5 6 7 8 10 11 12 | 12.9
Invocations    | 4 7 8 9 11 | 11.8

Action                   |  1- 3 |  4- 6 |  7- 9 | 10-12 || total
-------------------------+-------+-------+-------+-------++-------
Melee: War axe           |    18 |    27 |       |       ||    45
       Broad axe         |       |    23 |    33 |    44 ||   100
Invok: Line Pass         |       |     1 |     1 |     1 ||     3
Evoke: Wand              |       |       |       |     3 ||     3
  Use: Potion            |       |       |     4 |     2 ||     6
 Stab: Paralysed         |       |     2 |     1 |     4 ||     7
       Confused          |       |       |       |     1 ||     1
  Eat: Ration            |       |       |       |     1 ||     1
Armor: Scale mail        |     9 |    13 |     6 |    22 ||    50
Dodge: Dodged            |     2 |    17 |     8 |    25 ||    52
Block: Shield            |    10 |    37 |    16 |    32 ||    95

Table legend:
 A = Non-vault XP
 B = Vault XP
 C = Vault XP percentage of total XP
 D = Non-vault monster count
 E = Vault monster count
 F = Vault count percentage of total count
                 A         B        C        D         E       F
            +---------+---------+-------+---------+---------+-------
      Total |       0 |    8213 | 100.0 |       0 |      41 | 100.0
            +---------+---------+-------+---------+---------+-------
          D |       0 |    8213 | 100.0 |       0 |      41 | 100.0
            +---------+---------+-------+---------+---------+-------
